[Event "44th Chess Olympiad Women 2022"]
[Site "Chennai"]
[Date "2022.08.07"]
[Round "9.17"]
[White "Nguyen, Thien Ngan"]
[Black "Barbier, Astrid"]
[Result "1-0"]
[ECO "B33"]
[WhiteElo "1912"]
[BlackElo "1879"]
[Annotator "TA"]
[PlyCount "89"]
[EventDate "2022.07.29"]
[EventType "team-tourn"]
[EventCountry "IND"]
[SourceTitle "playchess.com"]
[Source "ChessBase"]
[SourceQuality "1"]
[WhiteTeam "Vietnam"]
[BlackTeam "Belgium"]
[WhiteTeamCountry "VIE"]
[BlackTeamCountry "BEL"]
[TimeControl "40/5400+30:1800+30"]

1. e4 c5 2. Nf3 Nc6 3. d4 cxd4 4. Nxd4 Nf6 5. Nc3 e5 6. Ndb5 d6 7. Bg5 a6 8. Na3 b5 9. Nd5 Be7 10. Bxf6 Bxf6 11. c3 O-O 12. Nc2 Rb8 {[%emt 0:00:46] is now more promising than 12...Bg5.} 13. Ncb4 {[%emt 0:04:15] B33: Sicilian: Pelikan and Sveshnikov Variations.} (13. h4 $5) 13... Nxb4 14. Nxb4 Bb7 {[%emt 0:02:44] Prevents Nc6.} 15. Nd5 {[%emt 0:04:01] The position is equal.} Bg5 16. Be2 Bc6 17. Qd3 Kh8 18. O-O a5 {[%emt 0:04:26] [#]} 19. Rfd1 $146 ({Predecessor:} 19. b4 a4 20. Rfd1 g6 21. Bf3 Qd7 22. a3 f5 23. Ra2 Bd8 24. Rc2 Rc8 25. Ne3 {0-1 (43) Reichard,S (1967)-Kawuma,S (2166) Gibraltar 2008}) 19... Bh6 20. b4 a4 21. a3 Qd7 22. h3 Qb7 23. Ra2 Rfc8 24. Rc2 Bg5 (24... Bd7 $14) 25. Bg4 $16 Rf8 26. c4 {[%emt 0:05:26] White is more active.} g6 27. Be2 (27. cxb5 $16 Bxb5 28. Qg3) 27... f5 (27... bxc4 $14 28. Qg3 (28. Rxc4 Bb5 $15) (28. Qxc4 Rbc8 $11) 28... Bd8) 28. cxb5 $18 fxe4 29. Qxe4 Bxb5 30. Bxb5 Qxb5 31. Nc7 Rf4 $2 (31... Qd7 32. Qxe5+ dxe5 33. Rxd7 Rfd8 34. Rxd8+ Bxd8) 32. Qxf4 exf4 33. Nxb5 Rxb5 34. Rxd6 {[%emt 0:00:38][%mdl 4096] [#] Endgame Hoping for Rc8+. KRR-KRB} Kg7 35. Rd7+ Kh6 36. Rc5 (36. Rcc7 $142 Bd8 37. Rxd8) 36... Rb6 37. Ra5 {[%emt 0:01:28] Threatens to win with Raa7.} Rc6 38. Rd1 Rc2 39. Rxa4 Bh4 40. Rf1 g5 41. b5 Rb2 42. Rb4 Rd2 43. b6 {[%emt 0:00:00] White mates.} Rd8 44. b7 Rb8 45. Rc1 {[%emt 0:00:00] Weighted Error Value: White=0.33/Black=0.46} 1-0

[Event "44th Chess Olympiad Women 2022"]
[Site "Chennai"]
[Date "2022.08.07"]
[Round "9.19"]
[White "Hernandez Diaz, Paula Sofia"]
[Black "Bravo Mallco, Kate Azumi"]
[Result "0-1"]
[ECO "A36"]
[WhiteElo "1751"]
[BlackElo "1958"]
[Annotator "TA"]
[PlyCount "120"]
[EventDate "2022.07.29"]
[EventType "team-tourn"]
[EventCountry "IND"]
[SourceTitle "playchess.com"]
[Source "ChessBase"]
[SourceQuality "1"]
[WhiteTeam "Mexico"]
[BlackTeam "Peru"]
[WhiteTeamCountry "MEX"]
[BlackTeamCountry "PER"]
[TimeControl "40/5400+30:1800+30"]

1. c4 c5 2. Nc3 Nc6 3. g3 g6 4. Bg2 Bg7 5. d3 e6 6. e4 d6 7. Nge2 Nge7 8. O-O O-O 9. Be3 {[%emt 0:02:11] 9.Rb1 might become the main line.} Nd4 10. Rb1 Rb8 {[%emt 0:06:33] A36: Symmetrical English vs ...g6: 4 Bg2 Bg7.} 11. Qd2 a6 12. b4 {[%emt 0:05:43] [#]} b6 $146 {[%emt 0:04:21] The position is equal.} ({Predecessor:} 12... Bd7 13. f4 Nxe2+ 14. Nxe2 b6 15. d4 Qc7 16. bxc5 bxc5 17. dxc5 dxc5 18. Rxb8 Rxb8 {1-0 (38) Miezis,N (2518)-Nekrasov,M (2327) Baden 2016}) 13. Bh6 Bxh6 14. Qxh6 Bb7 15. Nxd4 cxd4 16. Ne2 e5 17. a4 f5 18. f3 Bc8 19. b5 a5 20. Kh1 Kh8 21. Qd2 Ng8 (21... fxe4 $15 22. fxe4 Ng8) 22. Rbe1 (22. exf5 $1 $11 {remains equal.} Bxf5 23. Rbe1) 22... Nf6 (22... fxe4 $1 $17 {Strongly threatening ...e3.} 23. fxe4 Nf6) 23. Ng1 {[%emt 0:01:03] [#]} (23. exf5 $1 $11 gxf5 24. h3) 23... fxe4 $1 $17 24. fxe4 Ng4 25. Rxf8+ Qxf8 26. Rf1 {[%emt 0:01:54] Against Nf2+} Qe7 27. Nf3 Ne3 28. Rf2 Bg4 29. Ne1 (29. h3 $17 Be6 30. Nh2) 29... Nd1 $19 30. Rf1 Nc3 31. h3 Bd1 32. Nc2 Bxc2 33. Qxc2 Rf8 {[%emt 0:00:54] ...Rxf1+ is the strong threat.} 34. Re1 (34. Bf3) 34... Qg5 35. Kh2 h5 36. h4 Qe7 37. Bh3 Kg7 38. Rf1 Rxf1 39. Bxf1 {[%emt 0:00:04][%cal Bh3f1,Bf1e2,Be2d1,Bd1c2][%mdl 4128] Endgame KQB-KQN} Qc7 40. Be2 Qc5 $2 (40... Qf7 $19 {( -> ...Qf2+)} 41. Kg2 Qf6) 41. Bd1 $11 Qa3 {[%emt 0:31:08] aiming for ...Qa1.} 42. Qd2 Qc5 43. Qg5 Qc7 {[%emt 0:00:00] Active counter play!} 44. Bc2 d5 45. exd5 Nxd5 46. cxd5 Qxc2+ {[%emt 0:00:00] KQ-KQ} 47. Kh3 Qc7 48. Kg2 Qd6 49. Kh2 Qf6 {[%emt 0:02:19] Threatens to win with ...Qxg5.} 50. Qxf6+ (50. Qc1 $11) 50... Kxf6 {[%emt 0:00:02] KP-KP. Black mates.} 51. Kg2 Ke7 52. Kf3 {[%emt 0:00:49] [#]} Kd7 $1 (52... Kd6 53. Ke4 Kc5 54. Kxe5 Kb4 55. d6 Kb3 56. d7 g5 57. hxg5) 53. g4 Ke7 54. gxh5 gxh5 55. Ke4 Kd6 56. Kf5 Kxd5 57. Kg5 e4 58. dxe4+ Kxe4 59. Kxh5 d3 60. Kh6 d2 {[%emt 0:00:07] Weighted Error Value: White=0.31/Black=0.22 (precise)} 0-1

[Event "44th Chess Olympiad Women 2022"]
[Site "Chennai"]
[Date "2022.08.07"]
[Round "9.33"]
[White "Ndirangu, Joyce Nyaruai"]
[Black "Elansary, Eman"]
[Result "1-0"]
[ECO "D02"]
[WhiteElo "1679"]
[BlackElo "1936"]
[Annotator "TA"]
[PlyCount "157"]
[EventDate "2022.07.29"]
[EventType "team-tourn"]
[EventCountry "IND"]
[SourceTitle "playchess.com"]
[Source "ChessBase"]
[SourceQuality "1"]
[WhiteTeam "Kenya"]
[BlackTeam "Egypt"]
[WhiteTeamCountry "KEN"]
[BlackTeamCountry "EGY"]
[TimeControl "40/5400+30:1800+30"]

1. d4 d5 2. Nf3 Nf6 3. Bf4 c5 4. e3 Nc6 5. c3 Qb6 6. Qc1 Bf5 7. Nbd2 e6 8. Be2 {[%emt 0:02:47] D02: 1 d4 d5 2 Nf3 sidelines, including 2...Nf6 3 g3 and 2...Nf6 3 Bf4.} Be7 9. O-O O-O 10. Ne5 {[%emt 0:17:13] The position is equal.} Nxe5 11. dxe5 Nd7 {[%emt 0:00:25] [#]} 12. c4 $146 ({Predecessor:} 12. Nf3 Rac8 13. Qd2 Rfd8 14. h3 Qc6 15. Bd3 Be4 16. Bxe4 dxe4 17. Ng5 Nxe5 18. Qe2 Ng6 19. Qh5 h6 20. Nxf7 Kxf7 21. f3 Rd5 22. Be5 Rxe5 23. fxe4+ Bf6 {0-1 (23) Mlynek,M (1486)-Tanenbaum,Z (2137) Chess.com INT 2021}) 12... f6 13. cxd5 exd5 14. Bf3 Be6 ({Don't take} 14... fxe5 15. Bxd5+ Kh8 16. Nc4 $14) ({Don't play} 14... Nxe5 15. Bxe5 fxe5 16. Bxd5+ Kh8 17. Nc4 $14) 15. exf6 Bxf6 16. Rb1 Ne5 17. Bxe5 Bxe5 18. e4 (18. Qd1 $142) 18... dxe4 ({Black should play} 18... d4 $17 {White must now prevent ...Bf4.} 19. b3 Bf4) 19. Bxe4 $15 Bf4 {[%emt 0:00:49] A strong pair of Bishops.} ({Black should try} 19... Bxa2 $17 20. Ra1 Bf7) 20. Qc2 Rad8 21. Nf3 (21. Bxh7+ {is interesting.} Kh8 22. Nf3 Bxa2 23. Ra1) 21... h6 22. b3 Bf7 23. g3 Bc7 24. Rbd1 Rfe8 25. Bh7+ Kh8 {[%emt 0:01:47] And now ...g6 would win.} 26. Rxd8 (26. Nh4 {feels hotter.} Rxd1 27. Rxd1 Bh5 28. f3) 26... Rxd8 27. Bf5 Qd6 (27... c4 $5) 28. Bh3 Bg6 29. Bf5 Bxf5 30. Qxf5 Rf8 (30... Qd5 $11 31. Qxd5 Rxd5) 31. Qe4 $14 b5 32. Nh4 Kg8 33. Re1 (33. Ng6 $16 Rd8 34. Re1) 33... Ba5 (33... Qf6 $11) 34. Re2 (34. Re3 $1 $14) 34... Bc3 (34... Qd4 $1 $11) 35. Ng6 $16 Rd8 36. Ne7+ Kh8 37. Kg2 {[%emt 0:00:17] White is more active.} (37. Nc6 $1 $16 Rf8 38. Nxa7) 37... a6 (37... Qd3 $14 {might be stronger.}) 38. Ng6+ Kg8 39. Ne7+ (39. Nf4 {keeps more tension.} Bd2 40. Ne6 Re8 41. f4) 39... Kh8 40. Nf5 (40. Qf5 $16) 40... Qd5 $11 41. Qxd5 Rxd5 {[%emt 0:03:44][%mdl 4096] Endgame KRB-KRN} 42. Ne7 Rd6 43. f4 Kh7 44. f5 Rd2 ({Better is} 44... Bf6 $11) 45. Rxd2 $14 Bxd2 {[%emt 0:00:01] KB-KN} 46. Kf3 Bg5 47. Nd5 Bd8 {[%emt 0:00:22] Against Nc7} 48. Ke4 {[%emt 0:00:00] Nf4 is the strong threat.} h5 {[%emt 0:01:16] [#]} (48... g6 $1 $11) 49. Nf4 $1 $16 h4 (49... Kh6 {keeps fighting.} 50. Ne6 Be7) 50. Ne6 hxg3 51. hxg3 Be7 {[%emt 0:00:20] [#]} 52. Kd5 {[%emt 0:00:00] Inhibits c4.} (52. g4 $1 $18 {is more deadly.}) 52... c4 53. bxc4 bxc4 54. Kxc4 a5 $2 (54... g6 $16) 55. a4 $18 Bb4 56. g4 Kh6 57. Kd5 {[%emt 0:02:09] Hoping for Kc6.} Bd2 58. Kd6 Kh7 59. Ke7 (59. g5 $142 Kg8 60. Ke7 Bc1 61. Ke8 Be3 62. f6 gxf6 63. gxf6 Kh8 64. f7) 59... Kg8 60. g5 Bb4+ 61. Ke8 Bc3 62. g6 Bb4 63. Kd7 Bc3 64. Kc6 Bd2 65. Kb5 Bc3 66. Kc6 $2 (66. Kb6 {mates} Bd2 67. Kb5 Bc3 68. Nd8 Kf8 69. Nc6 Ke8 70. Nxa5 Be5 71. Nc6) 66... Bb4 $2 (66... Bd2 $11 67. Kb5 Be1) 67. Kd7 Bc3 $1 68. Kd8 Bf6+ 69. Ke8 Bc3 70. Nc5 Bd4 71. Nb7 Bc3 72. Nd8 (72. Nd6 $142 Bd2 73. Nc8 Bc3 74. Ne7+ Kh8 75. Kf7 Be1 76. f6 Bc3 77. fxg7+ Bxg7 78. Nc6) 72... Bb4 73. Nc6 {[%emt 0:00:09] White mates.} Bc3 74. Ne7+ Kh8 75. Kf7 Bb2 76. Nd5 Ba3 77. f6 Bb2 78. fxg7+ Bxg7 79. Nb6 {[%emt 0:00:19] Weighted Error Value: White=0.22 (precise) /Black=0.53} 1-0

[Event "44th Chess Olympiad Women 2022"]
[Site "Chennai"]
[Date "2022.08.07"]
[Round "9.35"]
[White "Chaves, Jussara"]
[Black "Badenhorst, Chloe"]
[Result "0-1"]
[ECO "A02"]
[WhiteElo "1933"]
[BlackElo "1703"]
[Annotator "TA"]
[PlyCount "96"]
[EventDate "2022.07.29"]
[EventType "team-tourn"]
[EventCountry "IND"]
[SourceTitle "playchess.com"]
[Source "ChessBase"]
[SourceQuality "1"]
[WhiteTeam "Portugal"]
[BlackTeam "South Africa"]
[WhiteTeamCountry "POR"]
[BlackTeamCountry "RSA"]
[TimeControl "40/5400+30:1800+30"]

1. f4 Nf6 2. b3 g6 3. Bb2 Bg7 4. e4 d6 5. Nf3 O-O 6. d3 c5 {[%emt 0:01:02] A02: Bird's Opening.} (6... Nc6 $5 ) 7. Be2 (7. Nc3 $11) 7... Nc6 8. O-O {[%emt 0:02:59] [#]} e5 $1 {[%emt 0:03:52] Black is better.} 9. Nfd2 {[%emt 0:13:41] [#]} exf4 $146 ({Predecessor:} 9... a6 10. fxe5 Nxe5 11. Nf3 Nfg4 12. Nxe5 Nxe5 13. Nc3 b5 14. Rb1 Be6 15. Nd5 Bxd5 16. exd5 {0-1 (42) Lieder,G (1810)-Fink,C (2128) Bad Zwesten 2005}) 10. Rxf4 Nh5 11. Bxg7 Nxf4 12. Bxf8 {[%emt 0:00:13] aiming for Bh6.} Kxf8 13. Bf1 Qg5 {[%emt 0:06:07] White must now prevent ...Nh3+.} 14. Kh1 $1 Bg4 {[%emt 0:07:07] 0x0.001ebb36a60cdp-1022s more active pieces. The white rooks are badly placed.} 15. Nf3 (15. Qe1 $15) 15... Qf6 $36 {[%emt 0:04:17][%mdl 2048] Black is on the roll.} 16. Nbd2 Nd4 17. Rb1 Nxf3 18. Nxf3 Re8 19. b4 b6 20. bxc5 dxc5 21. Rb3 (21. Be2 $142) 21... Nh3 22. Qe2 Ng5 (22... Qf4 {is more complex.} 23. a4 f5 24. a5 c4) 23. Nxg5 Qxg5 24. Qe1 f5 (24... Bd7 $15) 25. h3 $11 Bh5 26. Rb1 Kg8 27. a4 fxe4 28. dxe4 (28. g4 {keeps more tension.} Bxg4 29. hxg4 Qxg4 30. Qe3) 28... Qe5 (28... Qf4 $1 $11 {keeps the balance.}) 29. Bc4+ (29. g4 $16) 29... Kg7 30. Bd5 {[%emt 0:00:54] And now g4 would win.} g5 31. Qe3 $2 {[%emt 0:00:26][%mdl 8192] White is on the road to losing.} (31. a5 $11) 31... Qxd5 $1 $19 32. exd5 Rxe3 {[%emt 0:00:01][%mdl 4096] Endgame KRB-KR} 33. a5 Bf7 34. d6 Re2 35. Rd1 {[%emt 0:02:06] Strongly threatening d7.} Re8 36. axb6 axb6 37. Rb1 Rd8 38. Rxb6 Kf6 {[%emt 0:00:26] ...Ke5 is the strong threat.} 39. Kh2 Ke6 40. Rc6 Kd5 41. Rc7 Bg6 42. c3 Rxd6 {[%emt 0:00:31] Hoping for ...Kc4.} 43. Re7 Kc4 44. Re3 Bd3 {[%emt 0:00:39] Black mates.} 45. Kg3 Kxc3 46. Kg4 Rd5 47. h4 gxh4 48. Kxh4 c4 {[%emt 0:00:22] Weighted Error Value: White=0.47/Black=0.15 (very precise)} 0-1

[Event "44th Chess Olympiad Women 2022"]
[Site "Chennai"]
[Date "2022.08.07"]
[Round "9.35"]
[White "Selkirk, Rebecca"]
[Black "Silva, Mariana Sofia T."]
[Result "0-1"]
[ECO "B13"]
[WhiteElo "1745"]
[BlackElo "1912"]
[Annotator "TA"]
[PlyCount "78"]
[EventDate "2022.07.29"]
[EventType "team-tourn"]
[EventCountry "IND"]
[SourceTitle "playchess.com"]
[Source "ChessBase"]
[SourceQuality "1"]
[WhiteTeam "South Africa"]
[BlackTeam "Portugal"]
[WhiteTeamCountry "RSA"]
[BlackTeamCountry "POR"]
[TimeControl "40/5400+30:1800+30"]

1. e4 c6 2. d4 d5 3. exd5 cxd5 4. c4 Nf6 5. Nc3 Nc6 6. Bg5 dxc4 7. d5 Ne5 8. Qd4 h6 {[%emt 0:00:09] B13: Caro-Kann: Exchange Variation and Panov-Botvinnik Attack.} 9. Qxe5 (9. Bf4 $11 Nd3+ 10. Bxd3 cxd3 11. Qxd3) 9... hxg5 $15 10. Bxc4 g4 {[%emt 0:00:16] Black has an edge.} 11. Nge2 {[%emt 0:02:50] [#] And now Nb5 would win.} Qd6 $146 ({Predecessor:} 11... Rh5 12. Qd4 a6 13. Ng3 Rh6 14. O-O Qd6 15. Rfe1 Bd7 16. Rac1 g6 17. Bb3 Rh7 {0-1 (37) Hannes,D (2116)-Kulovana,E (2300) Germany 2011}) 12. Qxd6 exd6 13. Nd4 Bd7 14. Bb5 Rc8 15. O-O Bxb5 16. Ndxb5 {[%emt 0:00:53] Pair of Knights!} a6 17. Nd4 g6 18. f3 g3 (18... Bg7 $17) 19. hxg3 $11 Bg7 20. Nde2 Kd7 21. g4 Rce8 22. g5 {[%emt 0:13:12] [#]} (22. Kf2 $14) 22... Nxd5 $1 $17 23. Ne4 (23. Kf2 Bxc3) 23... f5 ({But not} 23... Bxb2 $6 24. Rab1 Ba3 25. Rxb7+ Nc7 26. Kf2 $11) (23... Ne3 $17 24. Rf2 Rh4) 24. gxf6 $1 $15 Nxf6 25. N4c3 b5 {[%emt 0:06:40] aiming for ...Bh6.} 26. a3 {[%emt 0:00:59] [#]} Nd5 $1 {[%emt 0:00:36][%cal Bf6d5,Bd5b6,Bb6c4,Bc4e3][%mdl 32] Threatens to win with ...Nxc3.} 27. Rfd1 Nb6 (27... Bxc3 $5 28. Nxc3 Nxc3 29. bxc3 Re3 $15) 28. Rd3 Nc4 $36 {[%emt 0:02:46][%mdl 2048] Black has good play.} 29. Rad1 {[%emt 0:10:42] [#]} ({White should play} 29. Ra2 $1 $11) 29... Re3 {[%emt 0:01:23] Black is more active.} (29... Rxe2 $1 $15 30. Nxe2 Bxb2) 30. Ne4 $2 Rxe2 $19 31. b3 Ne3 ({Stronger than} 31... Nxa3 32. Rxd6+ Kc8 33. Rxa6 $11) 32. Rxd6+ Kc8 33. Rc1+ $2 (33. R1d2 Rxd2 34. Nxd2) 33... Kb8 34. Rb6+ Ka7 {[%emt 0:00:05][%csl Ge3][%cal Re2g2] Black mates.} 35. Rxg6 Be5 36. f4 Bxf4 37. Nf2 Bh2+ 38. Kh1 Rxf2 39. Rg7+ Kb8 {[%emt 0:00:39] Weighted Error Value: White=0.69/Black=0.20 (precise)} 0-1

[Event "44th Chess Olympiad Women 2022"]
[Site "Chennai"]
[Date "2022.08.07"]
[Round "9.41"]
[White "Shabanaj, Eglantina"]
[Black "Chung Hurtado, Yaleika"]
[Result "1-0"]
[ECO "D30"]
[WhiteElo "1940"]
[BlackElo "1696"]
[Annotator "TA"]
[PlyCount "57"]
[EventDate "2022.07.29"]
[EventType "team-tourn"]
[EventCountry "IND"]
[SourceTitle "playchess.com"]
[Source "ChessBase"]
[SourceQuality "1"]
[WhiteTeam "Albania"]
[BlackTeam "Panama"]
[WhiteTeamCountry "ALB"]
[BlackTeamCountry "PAN"]
[TimeControl "40/5400+30:1800+30"]

1. Nf3 Nf6 2. d4 e6 3. c4 d5 4. Qc2 c6 5. Bf4 Bb4+ 6. Nbd2 {[%emt 0:04:03] D30: Queen's Gambit Declined: Systems without Nc3.} Ne4 7. a3 {[%emt 0:02:47] [#]} Bd6 $146 ({Predecessor:} 7... Nxd2 8. Nxd2 Be7 9. e3 Nd7 10. cxd5 exd5 11. Bd3 Nf6 12. h3 a5 13. O-O O-O {½-½ (28) Elliott,W (2200)-Pitterson,J (2252) Kingston 2000}) 8. Bxd6 {[%emt 0:01:09] White is slightly better.} Nxd6 9. e4 Nxe4 10. Nxe4 dxe4 11. Qxe4 Qf6 (11... Nd7 $14 {feels stronger.}) 12. Bd3 $16 g6 13. O-O O-O 14. Rfe1 Nd7 15. h4 c5 16. b4 cxd4 17. Nxd4 Rb8 (17... a5 $14) 18. c5 a6 {[%emt 0:05:40] Against Nb5} 19. Rad1 {[%emt 0:03:10] White is much more active. The black rooks are badly placed.} Rd8 20. Bb1 (20. Nf3 $18) 20... Nf8 21. Nf3 Bd7 22. Ne5 $1 {[%emt 0:02:55] Prevents Bc6.} Ba4 {[%emt 0:02:09] [#]} (22... h5 $16 {might work better.} 23. g3 Kg7) 23. Rxd8 $1 $18 Qxd8 {[%emt 0:00:23] [#]} 24. Qf4 {[%emt 0:00:25] Inhibits Qf6.} Be8 (24... Qc7 $142 25. h5 Be8 26. Nxg6 Qxf4 27. Nxf4 Bb5) 25. Ng4 {[%emt 0:02:25] aiming for Qe5.} Rc8 $2 (25... h5) 26. h5 $2 $40 {[%emt 0:03:51][%mdl 128] White has strong attack.} (26. Qe5 f6 27. Nxf6+ Kf7 28. Ng4) 26... gxh5 $2 (26... f5) 27. Nf6+ {[%emt 0:00:39] White is clearly winning.} Kg7 28. Nxh5+ Kg8 29. Qh6 {[%emt 0:00:41] Weighted Error Value: White=0.46/Black=0.31} 1-0

[Event "44th Chess Olympiad Women 2022"]
[Site "Chennai"]
[Date "2022.08.07"]
[Round "9.41"]
[White "Munoz Henriquez, Alba Esther"]
[Black "Gjergji, Rozana"]
[Result "0-1"]
[ECO "C71"]
[WhiteElo "1588"]
[BlackElo "1920"]
[Annotator "TA"]
[PlyCount "118"]
[EventDate "2022.07.29"]
[EventType "team-tourn"]
[EventCountry "IND"]
[SourceTitle "playchess.com"]
[Source "ChessBase"]
[SourceQuality "1"]
[WhiteTeam "Panama"]
[BlackTeam "Albania"]
[WhiteTeamCountry "PAN"]
[BlackTeamCountry "ALB"]
[TimeControl "40/5400+30:1800+30"]

1. e4 e5 2. Nf3 Nc6 3. Bb5 a6 4. Ba4 d6 5. d4 b5 6. Bb3 Nxd4 7. Nxd4 exd4 8. Qxd4 $2 (8. a4 $11 {and White stays safe.}) 8... c5 $1 $19 {[%emt 0:00:13] C71: Ruy Lopez: Deferred Steinitz Variation, sidelines.} 9. Qd5 Be6 10. Qc6+ Bd7 {[%emt 0:00:15] Black is clearly better.} 11. Qd5 c4 12. Bxc4 bxc4 13. Qxc4 Nf6 14. Nc3 Be7 15. O-O O-O 16. Re1 Qb6 {[%emt 0:01:58] [#]} 17. a4 $146 ({Predecessor:} 17. h3 Rfd8 18. b3 Qc5 19. Qxc5 dxc5 20. e5 Ne8 21. Nd5 {½-½ (63) Kokkori,D-Korou,L Athens 1993}) 17... Rac8 (17... Ng4 $2 18. Qe2 $19) 18. Qd3 Rfe8 19. h3 Bc6 20. Be3 Qb7 (20... Qxb2 21. Rab1 (21. Reb1 Bxe4 22. Nxe4 Qxc2 $15) 21... Qa3 22. Rb3 Bxe4 23. Nxe4 Qxa4 24. Nxd6 Bxd6 25. Qxd6 $11) 21. f3 Nd7 (21... Qxb2 22. Rab1 (22. Reb1 Bxe4 23. Nxe4 Qxc2 $17) 22... Bxe4 23. Nxe4 Qxc2 24. Qxc2 Rxc2 25. Bg5 $11) 22. Bd4 Bf6 ({Don't play} 22... Qxb2 23. Reb1 Qxa1 24. Rxa1 $18) 23. b3 Qb4 24. Ne2 d5 25. Bxf6 Nxf6 ({Worse is} 25... gxf6 26. exd5 Qc5+ 27. Kf1 $17) 26. exd5 Qb6+ ({Don't go for} 26... Bxd5 $2 27. Rad1 $19) (26... Nxd5 $19 27. Qd4 Rcd8) 27. Qd4 $17 Nxd5 28. Qxb6 Nxb6 29. c4 Kf8 30. Kf2 Nd7 31. Nd4 Nc5 $1 {[%emt 0:00:00] Threatens to win with ...Nd3+.} 32. Re3 {[%emt 0:01:57] Inhibits Nd3+.} Bd7 33. Rae1 Rcd8 34. a5 Rxe3 35. Kxe3 {[%emt 0:00:31] [#]} Re8+ $1 36. Kd2 Rxe1 37. Kxe1 {[%emt 0:00:05] [#]} Nd3+ (37... Nb7 $1 $19 38. b4 Nd6) 38. Ke2 (38. Kd2 $17 Nf4 39. g4) 38... Nb4 39. Kd2 Nc6 40. Kc3 (40. Nxc6 $17 {only move.} Bxc6 41. Ke3) 40... Nxa5 $19 41. Kb4 Nb7 42. c5 a5+ 43. Kc4 {[%emt 0:00:28] Black must now prevent c6.} a4 (43... Nd8 $19 {Strongly threatening ...Ke7.} 44. Ne2 Ke7) 44. c6 $2 {[%emt 0:00:00][%mdl 8192] White does not recover from this.} (44. b4 $17) 44... Na5+ 45. Kb4 (45. Kc3 $142 Nxc6 46. Nc2) 45... Nxc6+ 46. Nxc6 axb3 {[%emt 0:00:00] Black mates.} 47. Kxb3 Bxc6 {[%emt 0:00:00] KB-K3P} 48. Kb4 f5 49. h4 Kf7 50. Kc5 Ba8 51. Kd4 Kf6 52. Ke3 h5 53. Kf4 Bd5 54. g3 g6 55. Ke3 g5 56. f4 gxh4 57. gxh4 Ke6 58. Kd3 Kd6 59. Kd4 Be6 {[%emt 0:23:53] Weighted Error Value: White=0.56/Black=0.16 (very precise)} 0-1

[Event "44th Chess Olympiad Women 2022"]
[Site "Chennai"]
[Date "2022.08.07"]
[Round "9.43"]
[White "Cooke, Suzie G."]
[Black "Miller, Rachel"]
[Result "1-0"]
[ECO "D02"]
[WhiteElo "1936"]
[BlackElo "1961"]
[Annotator "TA"]
[PlyCount "95"]
[EventDate "2022.07.29"]
[EventType "team-tourn"]
[EventCountry "IND"]
[SourceTitle "playchess.com"]
[Source "ChessBase"]
[SourceQuality "1"]
[WhiteTeam "Scotland"]
[BlackTeam "Jamaica"]
[WhiteTeamCountry "SCO"]
[BlackTeamCountry "JAM"]
[TimeControl "40/5400+30:1800+30"]

1. d4 d5 2. Bf4 c5 3. e3 Nc6 4. Nf3 Nf6 5. Nbd2 Qb6 6. dxc5 {[%emt 0:01:14] D02: 1 d4 d5 2 Nf3 sidelines, including 2...Nf6 3 g3 and 2...Nf6 3 Bf4.} Qxb2 7. Rb1 Qc3 8. Bb5 {[%emt 0:00:55] The position is equal.} g6 {[%emt 0:00:26] is recently more successful than 8...e6.} (8... e6 $5 ) 9. O-O Bg7 $1 10. Nb3 {[%emt 0:04:18][%cal Oe3e4] [#] Black must now prevent e4!} O-O 11. Nfd4 Bd7 {[%emt 0:10:24] [#]} 12. Bd3 $146 ({Predecessor:} 12. Ne2 Qb4 13. a4 Bf5 14. c3 Qe4 15. Rb2 Qe6 16. Nbd4 Qc8 17. Nxf5 Qxf5 18. Bd3 Qc8 19. Qb3 Nd7 20. Qxd5 e6 21. Qf3 Nce5 22. Bxe5 Nxe5 23. Qxb7 Nxd3 {0-1 (23) Kamsky,G (2661)-Grischuk,A (2742) Chess.com INT 2022}) 12... Nxd4 13. exd4 {[%emt 0:00:19] Hoping for Bd2.} Ne4 14. Re1 $36 {[%emt 0:03:10][%mdl 2048] [#] f3 is the strong threat. Black is under pressure.} e5 {[%emt 0:43:03] Black is on the road to losing.} (14... Qb4 $1 $14) 15. dxe5 $16 ({Of course not} 15. Bxe4 $6 dxe4 16. Re3 Qc4 17. Bxe5 Bxe5 18. dxe5 Bc6 $14) 15... Ba4 16. Bxe4 dxe4 17. Rxe4 Bxb3 18. Rxb3 Qxc5 19. Rxb7 {[%emt 0:01:47] White is more active.} Rfd8 20. Qb1 Rac8 21. h4 {[%emt 0:02:16] aiming for e6.} Qxc2 22. Qxc2 Rxc2 23. Rxa7 h6 24. e6 fxe6 (24... f5 $142) 25. Rxe6 $18 g5 26. hxg5 Rd1+ $2 (26... hxg5 $18 27. Rg6 gxf4 28. Rgxg7+ Kh8) 27. Kh2 Rxf2 28. gxh6 Rxf4 29. hxg7 {[%emt 0:00:23] KRR-KRR} (29. Rxg7+ $142 Kf8 30. Rc7 Rd3 31. h7 Rh4+ 32. Kg1 Rd1+ 33. Kf2 Rd2+ 34. Kg3) 29... Rf7 30. Ree7 Rxe7 31. Rxe7 {[%emt 0:00:04] KR-KR} Rd3 32. a4 (32. Ra7 $142 Rd6 33. a4 Rh6+ 34. Kg1 Rh4 35. a5 Rh6 36. Kf2 Rh5 37. Kg3) 32... Rd5 (32... Rd6 $18 33. Ra7 Rd3 34. Ra8+ Kxg7) 33. Ra7 Rh5+ 34. Kg1 Rf5 35. a5 Rb5 36. a6 Ra5 37. Kh2 Ra3 38. g3 Kh7 39. Kh3 Kg8 40. Kg4 Ra5 41. Kf4 Kh7 42. Kg4 Kg8 43. Kh4 {[%emt 0:03:02] White mates.} Kh7 44. g4 Kg8 45. g5 Rb5 46. Rb7 Ra5 47. a7 Ra1 48. Rb8+ {[%emt 0:00:08] Weighted Error Value: White=0.57/Black=0.64} 1-0